TOP OF THE 1ST |
Lee's Summit Tigers batting - Pitching for Plumstead Eagles : LHP Stu McGuire
|
Pitching: LHP Stu McGuire
|
|
Batting: RHB Norberto Taváres
|
0-0: Ball 1-0: SINGLE (Groundball, 56D)
|
Batting: RHB Alberto Chávez
|
0-0: Called Strike 0-1: Swinging Strike 0-2: Hit by Pitch Norberto Taváres to second
|
Batting: RHB Andrés Lara
|
0-0: Ball 1-0: Ball 2-0: Grounds into DOUBLE play, U5-4-3 2-0: Grounds into DOUBLE play, U5-4-3 (Groundball, 5L)
|
Batting: SHB Martín Medina
|
0-0: Ball 1-0: Swinging Strike 1-1: Ball 2-1: Ball 3-1: Swinging Strike 3-2: Strikes out looking
|
Top of the 1st over - 0 run(s), 1 hit(s), 0 error(s), 1 left on base; Lee's Summit 0 - Plumstead 0 |
BOTTOM OF THE 1ST |
Plumstead Eagles batting - Pitching for Lee's Summit Tigers : LHP Tony Rivera
|
Pitching: LHP Tony Rivera
|
|
Batting: RHB Norogumi Tanaka
|
0-0: DOUBLE (Line Drive, 8LD)
|
Batting: RHB Dan Banks
|
0-0: Foul Ball, location: 2F 0-1: Fly out, F4 (Line Drive, 4M)
|
Batting: SHB Oliver Deleón
|
0-0: Foul Ball, location: 2F 0-1: Fly out, F8 (Flyball, 8RM) Runner from 2nd tags up, SAFE at 3rd with throw
|
Batting: LHB Dave Pitts
|
0-0: Foul Ball, location: 2F 0-1: Foul Ball, location: 2F 0-2: SINGLE (Line Drive, 89S) Norogumi Tanaka scores
|
Batting: RHB Juan Caceres
|
0-0: Ball 1-0: Foul Ball, location: 2F 1-1: Fly out, F7 (Flyball, 7D)
|
Bottom of the 1st over - 1 run(s), 2 hit(s), 0 error(s), 1 left on base; Lee's Summit 0 - Plumstead 1 |
TOP OF THE 2ND |
Lee's Summit Tigers batting - Pitching for Plumstead Eagles : LHP Stu McGuire
|
Batting: RHB Luis Sánchez
|
0-0: Ball 1-0: Called Strike 1-1: Swinging Strike 1-2: Strikes out looking
|
Batting: RHB Ed Watkins
|
0-0: Ball 1-0: SINGLE (Line Drive, 9LM)
|
Batting: LHB Juan Hinojosa
|
0-0: Called Strike 0-1: Ball 1-1: Ball 2-1: Swinging Strike 2-2: Strikes out swinging
|
Batting: SHB Francisco Ávila
|
0-0: Swinging Strike 0-1: Ball Ed Watkins is caught stealing 2nd base
|
Top of the 2nd over - 0 run(s), 1 hit(s), 0 error(s), 0 left on base; Lee's Summit 0 - Plumstead 1 |
BOTTOM OF THE 2ND |
Plumstead Eagles batting - Pitching for Lee's Summit Tigers : LHP Tony Rivera
|
Batting: LHB Richard Henry
|
0-0: Called Strike 0-1: Foul Ball, location: 2F 0-2: Fly out, F6 (Popup, 6)
|
Batting: RHB Ethan Moore
|
0-0: SINGLE (Groundball, 6MD)
|
Batting: RHB Juan Magdayao
|
0-0: Called Strike 0-1: Ball 1-1: Grounds into double play, 5-4-3 (Groundball, 56)
|
Bottom of the 2nd over - 0 run(s), 1 hit(s), 0 error(s), 0 left on base; Lee's Summit 0 - Plumstead 1 |
TOP OF THE 3RD |
Lee's Summit Tigers batting - Pitching for Plumstead Eagles : LHP Stu McGuire
|
Batting: SHB Francisco Ávila
|
0-0: Ball 1-0: Foul Ball, location: 2F 1-1: Fly out, F9 (Line Drive, 89M)
|
Batting: RHB Doug Delaney
|
0-0: Ball 1-0: Ground out 6-3 (Groundball, 6)
|
Batting: RHB Norberto Taváres
|
0-0: Ball 1-0: Called Strike 1-1: Foul Ball, location: 2F 1-2: Foul Ball, location: 2F 1-2: Hit by Pitch
|
Batting: RHB Alberto Chávez
|
0-0: Called Strike Norberto Taváres is caught stealing 2nd base
|
Top of the 3rd over - 0 run(s), 0 hit(s), 0 error(s), 0 left on base; Lee's Summit 0 - Plumstead 1 |
BOTTOM OF THE 3RD |
Plumstead Eagles batting - Pitching for Lee's Summit Tigers : LHP Tony Rivera
|
Batting: RHB Louis Smith
|
0-0: Called Strike 0-1: Called Strike 0-2: Ball 1-2: Ball 2-2: Fly out, F9 (Flyball, 8RS)
|
Batting: RHB Norogumi Tanaka
|
0-0: Called Strike 0-1: Ball 1-1: Ball 2-1: Fly out, F8 (Flyball, 8RM)
|
Batting: RHB Dan Banks
|
0-0: Foul Ball, location: 2F 0-1: Ground out 6-3 (Groundball, 6)
|
Bottom of the 3rd over - 0 run(s), 0 hit(s), 0 error(s), 0 left on base; Lee's Summit 0 - Plumstead 1 |
TOP OF THE 4TH |
Lee's Summit Tigers batting - Pitching for Plumstead Eagles : LHP Stu McGuire
|
Batting: RHB Alberto Chávez
|
0-0: Fly out, F7 (Line Drive, 7S)
|
Batting: RHB Andrés Lara
|
0-0: SINGLE (Line Drive, 34D)
|
Batting: SHB Martín Medina
|
0-0: Ball Andrés Lara is caught stealing 2nd base 1-0: Swinging Strike 1-1: Fly out, F8 (Flyball, 8RD)
|
Top of the 4th over - 0 run(s), 1 hit(s), 0 error(s), 0 left on base; Lee's Summit 0 - Plumstead 1 |
BOTTOM OF THE 4TH |
Plumstead Eagles batting - Pitching for Lee's Summit Tigers : LHP Tony Rivera
|
Batting: SHB Oliver Deleón
|
0-0: Called Strike 0-1: Called Strike 0-2: Foul Ball, location: 2F 0-2: Ball 1-2: Foul Ball, location: 2F 1-2: SINGLE (Line Drive, 4MD)
|
Batting: LHB Dave Pitts
|
0-0: Called Strike 0-1: Hit by Pitch Oliver Deleón to second
|
Batting: RHB Juan Caceres
|
0-0: Ball 1-0: Called Strike 1-1: Ball 2-1: Swinging Strike 2-2: Ball 3-2: Foul Ball, location: 2F 3-2: Base on Balls Oliver Deleón to third Dave Pitts to second
|
Batting: LHB Richard Henry
|
0-0: Called Strike 0-1: Fly out, F8 (Flyball, 8LM) Runner from 3rd tags up, SCORES, throw made
|
Batting: RHB Ethan Moore
|
0-0: Ball 1-0: Ball 2-0: 3-RUN HOME RUN (Flyball, 78XD), Distance : 404 ft
|
Batting: RHB Juan Magdayao
|
0-0: Ball 1-0: Called Strike Reached via error on a dropped throw, E3
|
Batting: RHB Louis Smith
|
0-0: Ball 1-0: Called Strike 1-1: Ball 2-1: Called Strike 2-2: Ball 3-2: Base on Balls Juan Magdayao to second
|
Batting: RHB Norogumi Tanaka
|
0-0: Ball 1-0: SINGLE (Line Drive, 78S) Juan Magdayao to third Louis Smith to second
|
Batting: RHB Dan Banks
|
0-0: Ball 1-0: Ball 2-0: Ball 3-0: Base on Balls Juan Magdayao scores Louis Smith to third Norogumi Tanaka to second
|
Batting: SHB Oliver Deleón
|
0-0: SINGLE (Groundball, 3L) Louis Smith scores Norogumi Tanaka to third Dan Banks to second Runner from 3rd tries for Home, SAFE, no throw or cutoff
|
Pitching: RHP Bryan Allen
|
|
Batting: LHB Dave Pitts
|
0-0: Ball 1-0: Ball Dan Banks steals 3rd base Oliver Deleón to second 2-0: Ball 3-0: Base on Balls
|
Batting: RHB Juan Caceres
|
0-0: Called Strike 0-1: Ball 1-1: Foul Ball, location: 2F 1-2: Strikes out looking
|
Batting: LHB Richard Henry
|
0-0: Ball 1-0: Ball 2-0: Ground out 4-3 (Groundball, 34)
|
Bottom of the 4th over - 7 run(s), 4 hit(s), 1 error(s), 3 left on base; Lee's Summit 0 - Plumstead 8 |
TOP OF THE 5TH |
Lee's Summit Tigers batting - Pitching for Plumstead Eagles : LHP Stu McGuire
|
Batting: RHB Luis Sánchez
|
0-0: Swinging Strike 0-1: Ground out 6-3 (Groundball, 6M)
|
Batting: RHB Ed Watkins
|
0-0: Called Strike 0-1: Foul Ball, location: 2F 0-2: Ball 1-2: Ball 2-2: Ground out 6-3 (Groundball, 6M)
|
Batting: LHB Juan Hinojosa
|
0-0: Ground out 4-3 (Groundball, 4M)
|
Top of the 5th over - 0 run(s), 0 hit(s), 0 error(s), 0 left on base; Lee's Summit 0 - Plumstead 8 |
BOTTOM OF THE 5TH |
Plumstead Eagles batting - Pitching for Lee's Summit Tigers : RHP Bryan Allen
|
Batting: RHB Ethan Moore
|
0-0: Called Strike 0-1: Ball 1-1: Ball 2-1: Foul Ball, location: 2F 2-2: Foul Ball, location: 2F 2-2: Ball 3-2: Foul Ball, location: 2F 3-2: Strikes out looking
|
Batting: RHB Juan Magdayao
|
0-0: Ball 1-0: Ball 2-0: Fly out, F7 (Flyball, 78M)
|
Batting: RHB Louis Smith
|
0-0: Ball 1-0: Swinging Strike 1-1: Foul Ball, location: 2F 1-2: Foul Ball, location: 2F 1-2: Ball 2-2: Strikes out looking
|
Bottom of the 5th over - 0 run(s), 0 hit(s), 0 error(s), 0 left on base; Lee's Summit 0 - Plumstead 8 |
TOP OF THE 6TH |
Lee's Summit Tigers batting - Pitching for Plumstead Eagles : LHP Stu McGuire
|
Batting: SHB Francisco Ávila
|
0-0: Ball 1-0: Ground out 4-3 (Groundball, 4M)
|
Batting: RHB Doug Delaney
|
0-0: Ball 1-0: Fly out, F8 (Flyball, 8RM)
|
Batting: RHB Norberto Taváres
|
0-0: Called Strike 0-1: Ball 1-1: Ball 2-1: Bunt missed! 2-2: DOUBLE (Groundball, 5L)
|
Batting: RHB Alberto Chávez
|
0-0: Foul Ball, location: 2F 0-1: Foul Ball, location: 2F 0-2: Strikes out swinging
|
Top of the 6th over - 0 run(s), 1 hit(s), 0 error(s), 1 left on base; Lee's Summit 0 - Plumstead 8 |
BOTTOM OF THE 6TH |
Plumstead Eagles batting - Pitching for Lee's Summit Tigers : RHP Bryan Allen
|
Batting: RHB Norogumi Tanaka
|
0-0: Fly out, F4 (Popup, 4D)
|
Batting: RHB Dan Banks
|
0-0: Foul Ball, location: 2F 0-1: Ball 1-1: Called Strike 1-2: Strikes out swinging
|
Batting: SHB Oliver Deleón
|
0-0: Ball 1-0: Ground out 1-3 (Groundball, 23)
|
Bottom of the 6th over - 0 run(s), 0 hit(s), 0 error(s), 0 left on base; Lee's Summit 0 - Plumstead 8 |
TOP OF THE 7TH |
Lee's Summit Tigers batting - Pitching for Plumstead Eagles : LHP Stu McGuire
|
Batting: RHB Andrés Lara
|
0-0: Ball 1-0: Ball 2-0: Called Strike 2-1: SINGLE (Groundball, 56S)
|
Batting: SHB Martín Medina
|
0-0: Swinging Strike 0-1: Grounds into double play, 4-6-3 (Groundball, 4)
|
Batting: RHB Luis Sánchez
|
0-0: Ball 1-0: Foul Ball, location: 2F 1-1: Ball 2-1: Ball 3-1: Ground out 6-3 (Groundball, 6M)
|
Top of the 7th over - 0 run(s), 1 hit(s), 0 error(s), 0 left on base; Lee's Summit 0 - Plumstead 8 |
BOTTOM OF THE 7TH |
Plumstead Eagles batting - Pitching for Lee's Summit Tigers : RHP Bryan Allen
|
Pitching: RHP Tom Long
|
|
Batting: LHB Dave Pitts
|
0-0: Ball 1-0: Ball 2-0: Foul Ball, location: 2F 2-1: Swinging Strike 2-2: Ball 3-2: Base on Balls
|
Batting: RHB Juan Caceres
|
Pickoff Throw to First - Out! 0-0: Called Strike 0-1: Ball 1-1: Called Strike 1-2: Foul Ball, location: 2F 1-2: Strikes out swinging
|
Batting: LHB Richard Henry
|
0-0: Called Strike 0-1: Ball 1-1: Foul Ball, location: 2F 1-2: SINGLE (Line Drive, 5D)
|
Batting: RHB Ethan Moore
|
0-0: Ball 1-0: Ball 2-0: Fielders Choice at 2nd, 5-4 (Groundball, 56)
|
Bottom of the 7th over - 0 run(s), 1 hit(s), 0 error(s), 0 left on base; Lee's Summit 0 - Plumstead 8 |
TOP OF THE 8TH |
Lee's Summit Tigers batting - Pitching for Plumstead Eagles : LHP Stu McGuire
|
Batting: RHB Ed Watkins
|
0-0: Swinging Strike 0-1: Called Strike 0-2: Ball 1-2: Foul Ball, location: 2F 1-2: Strikes out looking
|
Batting: LHB Juan Hinojosa
|
0-0: Called Strike 0-1: Ball 1-1: Ball 2-1: Swinging Strike 2-2: Ball 3-2: Strikes out swinging
|
Batting: SHB Francisco Ávila
|
0-0: Foul Ball, location: 2F 0-1: Ball 1-1: Called Strike 1-2: Strikes out swinging
|
Top of the 8th over - 0 run(s), 0 hit(s), 0 error(s), 0 left on base; Lee's Summit 0 - Plumstead 8 |
BOTTOM OF THE 8TH |
Plumstead Eagles batting - Pitching for Lee's Summit Tigers : RHP Tom Long
|
Batting: RHB Juan Magdayao
|
0-0: Ball 1-0: Swinging Strike 1-1: Foul Ball, location: 2F 1-2: Ball 2-2: Strikes out looking
|
Batting: RHB Louis Smith
|
0-0: Swinging Strike 0-1: Called Strike 0-2: Ball 1-2: Ball 2-2: Foul Ball, location: 2F 2-2: Strikes out looking
|
Pinch Hitting: RHB Wyatt McKinnon
|
0-0: Ball 1-0: Called Strike 1-1: Ball 2-1: Ball 3-1: Ground out 3-1 (Groundball, 34)
|
Bottom of the 8th over - 0 run(s), 0 hit(s), 0 error(s), 0 left on base; Lee's Summit 0 - Plumstead 8 |
TOP OF THE 9TH |
Lee's Summit Tigers batting - Pitching for Plumstead Eagles : LHP Stu McGuire
|
Pitching: LHP Armando Rodríguez
|
|
Now in CF: Wyatt McKinnon
|
|
Batting: RHB Doug Delaney
|
0-0: Swinging Strike 0-1: Ball 1-1: Ball 2-1: Swinging Strike 2-2: Strikes out swinging
|
Batting: RHB Norberto Taváres
|
0-0: Called Strike 0-1: Ground out 6-3 (Groundball, 6)
|
Batting: RHB Alberto Chávez
|
0-0: DOUBLE (Line Drive, 7LS)
|
Batting: RHB Andrés Lara
|
0-0: Called Strike 0-1: Ball 1-1: Ball 2-1: Foul Ball, location: 2F 2-2: Ball 3-2: Base on Balls
|
Batting: SHB Martín Medina
|
0-0: Ball 1-0: Fly out, F5 (Popup, 15)
|
Top of the 9th over - 0 run(s), 1 hit(s), 0 error(s), 2 left on base; Lee's Summit 0 - Plumstead 8 |
|